 Dungeon Crawl Stone Soup version 0.28-a0-94-g325244837d (webtiles) character file.

Game seed: 8518653688242046

4399 tatocazan the Cleaver (level 10, -11/132 HPs)
             Began as a Minotaur Fighter on Aug 7, 2021.
             Was an Elder of Nemelex Xobeh.
             Mangled by an orc warrior (32 damage)
             ... in a bailey.
             The game lasted 00:13:41 (9927 turns).

tatocazan the Cleaver (Minotaur Fighter)            Turns: 9927, Time: 00:13:41

Health: -11/132    AC: 10    Str: 23    XL:     10   Next: 13%
Magic:  13/13      EV:  9    Int:  5    God:    Nemelex Xobeh [****..]
Gold:   212        SH: 16    Dex: 11    Spells: 9/9 levels left

rFire   . . .      SeeInvis .   C - +1 hand axe (flame)
rCold   . . .      Faith    .   c - +0 kite shield
rNeg    . . .      Spirit   .   b - +0 scale mail
rPois   .          Reflect  +   (helmet restricted)
rElec   .          Harm     .   l - +0 cloak
rCorr   +          Rampage  .   (no gloves)
Will    .....                   D - +0 pair of boots
Stlth   ..........              z - amulet of reflection
HPRegen 0.32/turn               B - ring of resist corrosion
MPRegen 0.13/turn               (no ring)

@: mighty, berserking (expiring), slow
A: horns 2, retaliatory headbutt
a: Renounce Religion, Draw Escape, Draw Destruction, Draw Summoning, Triple
Draw, Deal Four


You were in a bailey.
You worshipped Nemelex Xobeh.
Nemelex Xobeh was greatly pleased with you.
You visited 1 branch of the dungeon, and saw 8 of its levels.
You also visited: Ossuary and Bailey.

You collected 254 gold pieces.
You spent 42 gold pieces at shops.

Inventory:

Hand Weapons
 a - a +0 war axe
 y - a +4 vampiric executioner's axe
 C - a +1 hand axe of flaming (weapon)
Armour
 b - a +0 scale mail (worn)
 c - a +0 kite shield (worn)
 l - a +0 cloak (worn)
 D - a +0 pair of boots (worn)
 E - a +0 chain mail
Jewellery
 z - an amulet of reflection (around neck)
 A - an amulet of the acrobat
 B - a ring of resist corrosion (left hand)
Wands
 k - a wand of digging (9)
Scrolls
 d - 2 scrolls of amnesia
 e - a scroll of enchant weapon
 h - 2 scrolls of fear
 m - 3 scrolls of teleportation
 o - 5 scrolls of noise
 p - a scroll of blinking {unknown}
 q - a scroll of silence {unknown}
 r - 4 scrolls of identify
 u - a scroll of magic mapping
 v - 2 scrolls of immolation {unknown}
 w - a scroll of fog
Potions
 f - a potion of degeneration {unknown}
 g - a potion of lignification
 i - 2 potions of curing
 j - a potion of berserk rage
 n - a potion of flight {unknown}
 s - a potion of heal wounds {unknown}
 t - a potion of invisibility {unknown}


   Skills:
 + Level 8.0 Fighting
 * Level 10.3 Axes
 + Level 7.9 Armour
 + Level 3.2 Dodging
 + Level 7.9 Shields
 + Level 5.6 Invocations


You had 9 spell levels left.
You didn't know any spells.
Your spell library contained the following spells:

 Spells                   Type           Power      Damage    Failure   Level
 Pain                     Necr           0%         1d4       96%         1
 Call Canine Familiar     Summ           0%         N/A       100%        3
 Ignite Poison            Fire/Tmut/Pois 0%         N/A       100%        3
 Mephitic Cloud           Conj/Pois/Air  0%         N/A       100%        3
 Portal Projectile        Hex/Tloc       0%         N/A       100%        3
 Leda's Liquefaction      Hex/Erth       0%         N/A       100%        4
 Agony                    Necr           0%         N/A       100%        5
 Bolt of Magma            Conj/Fire/Erth 0%         4d4       100%        5
 Excruciating Wounds      Necr           0%         N/A       100%        5


Dungeon Overview and Level Annotations

Branches:
Dungeon (8/15)             Temple (0/1) D:5         Ossuary (visited)
 Bailey (1/1)
   Lair: D:8-11

Altars:
Cheibriados
Gozag
Nemelex Xobeh
Vehumet
Wu Jian
Zin

Shops:
D:3 !

Annotations:
D:5 1 runed translucent door, Crazy Yiuf
D:8 1 runed translucent door


Innate Abilities, Weirdness & Mutations

You have a pair of horns on your head.
You reflexively headbutt those who attack you in melee.


Message History

You block the orc warrior's attack.
The orc warrior splashes around in the water.
Items here: ! ) [ †.
Your unstable footing causes you to fumble your attack.
You block the orc warrior's attack.
Your unstable footing causes you to fumble your attack.
The orc warrior no longer looks unusually strong.
You block the orc warrior's attack. The orc warrior closely misses you.
You barely miss the orc warrior.
The orc warrior is lightly wounded.
You slash the orc warrior! You burn the orc warrior.
Your headbutt misses the orc warrior.
The orc warrior is severely wounded.
You block the orc warrior's attack. The orc warrior barely misses you.
You block the orc warrior's attack.
Your unstable footing causes you to fumble your attack.
You block the orc warrior's attack.
You slash the orc warrior! You burn the orc warrior.
You kill the orc warrior!
You hear a splash. x2
You block the orc warrior's attack. x2
The orc warrior barely misses you. x2; You furiously retaliate!
You headbutt the orc warrior.
Things that are here:
a +4 glaive; an orc corpse You hit the orc warrior.
You burn the orc warrior. Your headbutt misses the orc warrior.
The orc warrior is moderately wounded.
You hit the orc warrior. You burn the orc warrior.
The orc warrior hits you with a +0 glaive!!
* * * LOW HITPOINT WARNING * * *
You take 19 damage, and have 20/132 hp.
Your unstable footing causes you to fumble your attack.
The orc warrior splashes around in the water.
You slash the orc warrior! You burn the orc warrior.
The orc warrior is heavily wounded.
You hit the orc warrior. You burn the orc warrior.
The orc warrior hits you with a +0 glaive!!
You die...
Your body glows with a rainbow of weird colours and disappears.

..≈≈≈≈≈≈≈##≈≈# #≈≈≈≈)≈≈≈..
..≈≈≈≈≈≈≈##≈### ##≈≈≈≈≈≈≈..
..≈≈≈≈≈≈≈##≈')# #≈≈≈≈≈≈≈..
..≈≈≈≈≈≈≈##)### #≈≈≈≈≈≈≈..
..≈≈≈≈≈≈≈##≈'.# ##≈≈≈≈≈≈≈..
..≈≈≈≈≈≈≈##≈####### ≈##≈≈≈≈≈≈≈..
..≈≈≈≈≈≈≈≈#≈≈##.#)# ≈≈#≈≈≈≈≈≈≈≈..
..≈≈≈≈≈≈≈≈##≈≈#'#o#≈≈##≈≈≈≈≈≈≈≈..
..≈≈≈≈≈≈≈≈≈##≈))@o)≈##≈≈≈≈≈≈≈≈≈..
..≈≈≈≈≈≈≈≈≈≈#########≈≈≈≈≈≈≈≈≈≈..
..≈≈#.#)≈≈≈≈≈≈≈###≈≈≈≈≈≈≈≈#.#≈≈..
..≈##.∩#≈≈≈≈≈≈≈≈≈≈≈≈≈≈≈≈≈#∩.##≈..
..≈..^.)≈≈≈≈≈≈≈≈≈≈≈≈≈≈≈≈≈..^..≈..
..≈##.##≈≈≈≈≈≈≈≈≈))≈≈≈≈≈≈##.##≈..
..≈≈#)#≈≈≈)≈≈≈≈≈≈≈≈≈≈≈≈≈≈≈#.#≈≈).
..≈≈≈≈≈≈≈≈≈≈≈≈≈≈≈≈≈≈≈≈≈≈≈≈≈≈≈≈≈..
.................................


You could see 2 orc warriors.

Vanquished Creatures
  An orc knight (Bailey)
  Grinder (D:5)
  A hornet (D:8)
  Eustachio (D:6)
  Duvessa (D:7)
  A sky beast (D:5)
  9 orc warriors
  An ice beast (D:7)
  An ogre (D:5)
  A kobold brigand (D:8)
  A phantom (D:4)
  7 elf zombies (Ossuary)
  2 bullfrogs
  A scorpion (D:7)
  Dowan (D:7)
  A howler monkey (D:6)
  4 hounds
  2 centaur zombies (Ossuary)
  3 human zombies (Ossuary)
  3 jellies
  5 orc priests
  A bullfrog skeleton (D:6)
  2 centaur skeletons
  A gnoll shaman (D:7)
  Jessica (D:3)
  Ijyb (D:3)
  3 iguanas
  2 orc wizards
  A hound zombie (D:4)
  3 mummies (Ossuary)
  A howler monkey zombie (D:6)
  6 gnolls
  11 adders
  An ufetubus (D:4)
  3 dart slugs
  23 orcs
  6 endoplasms
  6 giant cockroaches
  2 goblins (D:2)
  4 hobgoblins
  6 jackals (D:1)
  8 kobolds
  4 quokkas (D:1)
  6 ball pythons
  4 bats
  4 frilled lizards
  A jackal zombie (D:8)
  4 rats
163 creatures vanquished.

Vanquished Creatures (collateral kills)
  An ogre (D:5)
  An orc warrior (Bailey)
  A bullfrog (D:6)
  A gnoll shaman (D:6)
  A bullfrog skeleton (D:6)
  5 gnolls
  An orc (D:6)
11 creatures vanquished.

Vanquished Creatures (others)
  7 plants (D:1)
  7 withered plants (D:1)
14 creatures vanquished.

Grand Total: 188 creatures vanquished

Notes
Turn   | Place    | Note
-------+----------+-------------------------------------------
     0 | D:1      | tatocazan the Minotaur Fighter began the quest for the Orb.
     0 | D:1      | Reached XP level 1. HP: 19/19 MP: 0/0
   122 | D:1      | Reached XP level 2. HP: 27/27 MP: 1/1
   299 | D:1      | Found a faded altar of an unknown god.
   376 | D:1      | Became a worshipper of Nemelex Xobeh the Trickster
   376 | D:1      | Reached * piety under Nemelex Xobeh
   546 | D:1      | Received a gift from Nemelex Xobeh
   556 | D:1      | Reached skill level 3 in Axes
   700 | D:1      | Reached XP level 3. HP: 32/33 MP: 2/2
  1438 | D:2      | Reached ** piety under Nemelex Xobeh
  1913 | D:2      | Reached XP level 4. HP: 40/40 MP: 3/3
  2334 | D:3      | Found a radiant altar of Vehumet.
  2337 | D:3      | Found an ornate altar of the Wu Jian Council.
  2360 | D:3      | Reached skill level 1 in Invocations
  2507 | D:3      | Found an opulent altar of Gozag.
  2575 | D:3      | Received a gift from Nemelex Xobeh
  2609 | D:3      | Noticed Jessica
  2613 | D:3      | Killed Jessica
  2614 | D:3      | Reached skill level 4 in Axes
  2630 | D:3      | Found Divewa's Distillery.
  2638 | D:3      | Reached XP level 5. HP: 44/47 MP: 4/4
  2802 | D:3      | Noticed Ijyb
  2813 | D:3      | Killed Ijyb
  2843 | D:3      | Bought a potion of curing for 42 gold pieces
  3634 | D:4      | Found a snail-covered altar of Cheibriados.
  3670 | D:4      | Noticed a phantom
  3673 | D:4      | Killed a phantom
  3674 | D:4      | Reached skill level 5 in Axes
  3674 | D:4      | Reached XP level 6. HP: 55/55 MP: 6/6
  3696 | D:4      | Reached *** piety under Nemelex Xobeh
  3803 | D:4      | Reached skill level 5 in Armour
  3851 | D:4      | Received a gift from Nemelex Xobeh
  3854 | D:4      | Reached skill level 5 in Fighting
  3857 | D:4      | Reached skill level 5 in Shields
  4174 | D:5      | Entered Level 5 of the Dungeon
  4183 | D:5      | Reached XP level 7. HP: 46/61 MP: 7/7
  4409 | D:5      | Found a runed translucent door.
  4410 | D:5      | Noticed Crazy Yiuf
  4450 | D:5      | Identified the +1 long sword "Toqele" {venom, +Blink Int-2
                  | SInv}
  4780 | D:5      | Found a staircase to the Ecumenical Temple.
  4846 | D:5      | Reached skill level 6 in Axes
  5277 | D:5      | Reached **** piety under Nemelex Xobeh
  5277 | D:5      | Received a gift from Nemelex Xobeh
  5277 | D:5      | Noticed Grinder
  5287 | D:5      | Killed Grinder
  5288 | D:5      | Reached XP level 8. HP: 51/70 MP: 9/9
  5691 | D:5      | Reached skill level 7 in Axes
  6098 | D:6      | Noticed Eustachio
  6128 | D:6      | Killed Eustachio
  6129 | D:6      | Reached skill level 8 in Axes
  6302 | D:6      | Found a sand-covered staircase.
  6342 | Ossuary  | Entered an ossuary
  6820 | Ossuary  | Reached XP level 9. HP: 74/78 MP: 11/11
  6956 | Ossuary  | Reached skill level 9 in Axes
  7205 | D:7      | Reached skill level 1 in Dodging
  7489 | D:7      | Noticed Duvessa
  7489 | D:7      | Noticed Dowan
  7491 | D:7      | Killed Dowan
  7495 | D:7      | Killed Duvessa
  8285 | D:8      | Found a runed translucent door.
  8300 | D:8      | Paralysed by a hornet for 3 turns
  8308 | D:8      | Reached skill level 5 in Invocations
  8336 | D:8      | Found a glowing silver altar of Zin.
  8359 | D:8      | Found a flagged portal.
  8369 | Bailey   | Entered a bailey
  9227 | Bailey   | Received a gift from Nemelex Xobeh
  9456 | Bailey   | Reached skill level 10 in Axes
  9727 | Bailey   | Reached XP level 10. HP: 52/88 MP: 13/13
  9905 | Bailey   | Noticed an orc knight
  9916 | Bailey   | Killed an orc knight
  9927 | Bailey   | Mangled by an orc warrior

Illustrated notes

Levels and vault maps discovered:
D:1:      amcnicky_arrival_underground_garden, layout_loops_ring,
          shapermc_ecumenical_altar_flowoftime
D:2:      layout_basic, serial_curves, eino_curves_02, eino_curves_03
D:3:      layout_basic, grunt_gozag_breadcrumbs, nicolae_overflow_hidden_temple,
          serial_shops, nicolae_diamond_shop, minmay_fountain_box, uniq_ijyb,
          uniq_jessica
D:4:      layout_gridville, kennysheep_slug_shrine, serial_bayou_pond_b
D:5:      layout_loops_corners, temple_doors_ab, lemuel_old_faithful,
          uniq_grinder, uniq_crazy_yiuf_cottage
D:6:      layout_rooms, lightli_ossuary_entry_decrepit_ruins, uniq_eustachio
D:7:      layout_basic, uniq_duvessa
D:8:      layout_basic, dk_yredelemnul_ordeal, mainiacjoe_overflow_boulevard,
          gammafunk_ghost_ooze, enter_bailey_2, kennysheep_generic_room_2
Bailey:   bailey_polearm_2, bailey

Skill      XL: |  1  2  3  4  5  6  7  8  9 10 |
---------------+-------------------------------+-----
Armour         | 4 5 6 7 |  7.9
Shields        | 4 5 6 7 |  7.9
Fighting       | 4 5 6 7 8 |  8.0
Axes           | 3 4 5 6 8 10 | 10.3
Invocations    | 1 2 3 4 5 |  5.6
Dodging        | 3 |  3.2

Action                   |  1- 3 |  4- 6 |  7- 9 | 10-12 || total
-------------------------+-------+-------+-------+-------++-------
Melee: War axe           |   101 |   106 |   239 |       ||   446
       Headbutt          |    19 |    16 |    66 |     1 ||   102
       Hand axe          |       |       |    61 |    24 ||    85
Invok: Draw Summoning    |       |       |     5 |       ||     5
       Draw Escape       |       |       |     1 |       ||     1
       Draw Destruction  |       |       |       |     1 ||     1
Evoke: Wand              |       |       |     8 |       ||     8
  Use: Potion            |       |     1 |     2 |     2 ||     5
       Scroll            |       |       |     7 |       ||     7
Armor: Scale mail        |    45 |    57 |   105 |     1 ||   208
       Skin              |       |       |     1 |       ||     1
Dodge: Dodged            |    27 |    48 |    70 |     6 ||   151
Block: Kite shield       |    38 |    58 |   214 |    18 ||   328
       Reflection        |       |       |    32 |       ||    32

Table legend: (Time is in decaauts)
 A = Elapsed time spent in this place.
 B = Non-inter-level travel time spent in this place.
 C = Inter-level travel time spent in this place.
 D = Time resting spent in this place.
 E = Time spent auto-exploring this place.
 F = Levels seen in this place.
 G = Mean time per level.
                   A        B        C        D        E       F      G
               +--------+--------+--------+--------+--------+-----+--------+
         Total |  10146 |   9789 |    357 |   3302 |   5028 |  10 | 1014.6 |
       Dungeon |   7888 |   7531 |    357 |   1667 |   4775 |   8 |  986.0 |
       Ossuary |    663 |    663 |      0 |    407 |    103 |   1 |  663.0 |
        Bailey |   1594 |   1594 |      0 |   1228 |    150 |   1 | 1594.0 |
               +--------+--------+--------+--------+--------+-----+--------+

Top non-repeatable levels by time:
     D:5: 1625 daAuts
  Bailey: 1594 daAuts
     D:2: 1305 daAuts
     D:1: 1097 daAuts
     D:7: 1090 daAuts
     D:4: 978 daAuts
     D:3: 908 daAuts
     D:6: 777 daAuts
 Ossuary: 663 daAuts
     D:8: 105 daAuts
